 Dungeon Crawl Stone Soup version 0.22-a0-570-g58866f5 (webtiles) character file.

166 iamserjio the Shield-Bearer (level 5, -3/33 HPs)
             Began as a Gargoyle Fighter on June 30, 2018.
             Slain by Grinder (4 damage)
             ... on level 4 of the Dungeon.
             The game lasted 00:04:04 (651 turns).

iamserjio the Shield-Bearer (Gargoyle Fighter)       Turns: 651, Time: 00:04:05

Health: -3/33      AC: 14    Str: 19    XL:     5   Next: 47%
Magic:  5/5        EV:  7    Int:  9    God:
Gold:   67         SH:  9    Dex: 10    Spells: 4/4 levels left

rFire    . . .     SeeInvis .   a - +0 war axe
rCold    . . .     Gourm    .   c - +0 shield
rNeg     + . .     Faith    .   b - +0 scale mail
rPois    ∞         Spirit   .   n - +0 helmet
rElec    +         Reflect  .   (no cloak)
rCorr    .         Harm     .   (no gloves)
MR       .....                  (no boots)
Stlth    ..........             (no amulet)
HPRegen  0.11/turn              (no ring)
MPRegen  0.09/turn              (no ring)

@: no status effects
A: hooves 1, yellow scales 1, negative energy resistance 1, electricity
resistance, unbreathing, petrification resistance, rot immunity, AC +4
a: no special abilities


You were on level 4 of the Dungeon.
You were not hungry.

You visited 1 branch of the dungeon, and saw 4 of its levels.

You collected 67 gold pieces.

Inventory:

Hand Weapons
 a - a +0 war axe (weapon)
 l - a +0 blowgun
Missiles
 m - 2 poisoned needles
Armour
 b - a +0 scale mail (worn)
 c - a +0 shield (worn)
 n - a +0 helmet (worn)
Jewellery
 e - a cursed ring of teleportation {unknown}
Scrolls
 h - a scroll of remove curse {unknown}
 i - a scroll of identify {unknown}
 j - 2 scrolls of enchant weapon {unknown}
 k - a scroll of teleportation {unknown}
Comestibles
 f - 3 rations


   Skills:
 + Level 4.0 Fighting
 * Level 3.2 Axes
 + Level 4.0 Armour
 * Level 4.5 Shields


You had 4 spell levels left.
You didn't know any spells.
Your spell library was empty.

Dungeon Overview and Level Annotations

Branches:
Dungeon (4/15)
 Temple: D:4-7

Altars:

Annotations:
D:4 Grinder


Innate Abilities, Weirdness & Mutations

You are resistant to torment.
Your stone body is resilient. (AC +4)
You are immune to poison.
You resist negative energy. (rN+)
You are resistant to electric shocks. (rElec)
You can survive without breathing.
You are immune to petrification.
You are immune to rotting.
You have large cloven feet.
You are partially covered in yellow scales. (AC +2)


Message History

You closely miss the howler monkey. The hound bites you.
* * * LOW HITPOINT WARNING * * *
Grinder blinks!
You block the howler monkey's attack. The hound bites you but does no damage.
The howler monkey hits you but does no damage.
You closely miss the howler monkey.
The howler monkey is moderately wounded.
You closely miss the hound. You block the hound's attack.
The howler monkey barely misses you. You block the hound's attack.
You slash the howler monkey!
You kill the howler monkey!
Your Fighting skill increases to level 4!
You barely miss the hound. You block the hound's attack.
The hound bites you but does no damage. Grinder hits you but does no damage.
You slash Grinder! You kick Grinder.
Grinder is moderately wounded.
You hit the hound. The hound bites you.
* * * LOW HITPOINT WARNING * * *
Grinder hits you.
You die...

#.##### #### . ##
#.....# #!..###. .#
#.#.#.#
##......##.#.#..<..#.#
.$........>#.##).....#
...?.........#...#...#
.............#.####..#
......h5.....#.......#
......†@.....#.......#
########.....##.######
#.....##.#
...##+#......#
........######
........# ........#
........# ........#


You could see Grinder and a hound.

Vanquished Creatures
  A howler monkey (D:4)
  An orc priest (D:3)
  Robin (D:2)
  2 oozes
  2 worms (D:2)
  A dart slug (D:1)
  2 leopard geckos (D:2)
  4 orcs (D:3)
  11 goblins
  8 hobgoblins
  11 jackals
  6 kobolds
  2 frilled lizards
  5 rats
57 creatures vanquished.

Notes
Turn   | Place    | Note
-------+----------+-------------------------------------------
     0 | D:1      | iamserjio the Gargoyle Fighter began the quest for the Orb.
     0 | D:1      | Reached XP level 1. HP: 14/14 MP: 1/1
    82 | D:1      | Reached XP level 2. HP: 18/19 MP: 2/2
   261 | D:2      | Reached XP level 3. HP: 22/23 MP: 3/3
   465 | D:3      | Reached XP level 4. HP: 15/29 MP: 4/4
   569 | D:2      | Noticed Robin
   579 | D:2      | Killed Robin
   579 | D:2      | Reached XP level 5. HP: 9/33 MP: 5/5
   640 | D:4      | Noticed Grinder
   643 | D:4      | Gained mutation: You have large cloven feet. [potion of mutation]
   643 | D:4      | Gained mutation: You are partially covered in yellow scales. (AC +2) [potion of mutation]
   651 | D:4      | HP: 1/33 [hound (1)]
   651 | D:4      | Slain by Grinder

Vault maps used:
D:1:      evilmike_arrival_crescent, minmay_hexomino_r4
D:2:      serial_curves, eino_curves_04, eino_curves_03, uniq_robin
D:4:      chequers_temple_overflow_statue_of_worship,
          minmay_temple_entry_glassed_door, uniq_grinder, uniq_duvessa

Skill      XL: |  1  2  3  4  5 |
---------------+----------------+-----
Axes           | 2 3 |  3.2
Shields        | 4 |  4.5
Armour         | 4 |  4.0
Fighting       | 4 |  4.0

Action                   |  1- 3 |  4- 6 || total
-------------------------+-------+-------++-------
Melee: War axe           |    92 |    70 ||   162
       Kick              |       |     3 ||     3
  Use: Potion            |       |     3 ||     3
Armor: Scale mail        |    53 |    64 ||   117
Dodge: Dodged            |    33 |    28 ||    61
Block: Shield            |    48 |    47 ||    95

Table legend:
 A = Spawn XP
 B = Non-spawn XP
 C = Spawn XP percentage of total XP
 D = Spawn monster count
 E = Non-spawn monster count
 F = Spawn count percentage of total count
 G = Total turns spent on level
                    A         B        C        D         E        F      G
               +---------+---------+-------+---------+---------+-------+---------
         Total |       0 |     238 |   0.0 |       0 |      57 |   0.0 |   651
               +---------+---------+-------+---------+---------+-------+---------
           D:1 |       0 |      25 |   0.0 |       0 |      13 |   0.0 |   247
           D:2 |       0 |      70 |   0.0 |       0 |      26 |   0.0 |   148
           D:3 |       0 |      78 |   0.0 |       0 |      16 |   0.0 |   226
           D:4 |       0 |      65 |   0.0 |       0 |       2 |   0.0 |    30
               +---------+---------+-------+---------+---------+-------+---------
